AoeStats
← Rey de Copas

Arena

510574263Analyzed
4v4 RM · 1d ago on Oct 1, 2026· 55m 55s· 8 players
Game mode
Random Map
Map size
Large (8 player)
Population
200
Speed
Normal
Resources
Standard
Victory
Conquest
Starting age
Dark Age
Ending age
Imperial Age
RankedLock teamsTeams togetherTeam positionsShared explorationLock speedFull tech treeHidden civsTurbo modeCheats
Victory
Defeat
🇦🇷 Maya · Argentina
1113
+14
🇧🇷 Hindustanis · Brazil
1098
+14
🇨🇳 Bohemians · China
1088
+15
🇧🇷 Persians · Brazil
1078
+15
🇳🇱 Burmese · Netherlands
1074
-15
🇨🇳 Huns · China
1063
-15
🇹🇼 Bohemians · Taiwan
1061
-14
🇲🇽 Hindustanis · Mexico
1058
-14
Rey de Copas
10:11 Feudal Age
11:53 Double-Bit Axe
14:17 Castle Age
12:30 Horse Collar
28:21 Imperial Age
26:34 Wheelbarrow
26:31 Fletching
27:04 Ballistics
28:02 Bodkin Arrow
28:08 Padded Archer Armor
30:03 Chemistry
29:08 Shatagni
29:33 Conscription
29:17 Bracer
29:41 Leather Archer Armor
30:05 Heavy Plow
38:30 Forging
38:26 Scale Barding Armor
38:40 Bloodlines
38:30 Husbandry
37:51 Heavy Camel Rider
38:05 Elite Ghulam
38:18 Elite Skirmisher
39:35 Scale Mail Armor
40:15 Iron Casting
41:19 Chain Mail Armor
42:51 Blast Furnace
42:42 Squires
42:28 Arson
44:48 Ring Archer Armor
51:11 Thumb Ring
DEG
10:30 Feudal Age
14:33 Castle Age
12:55 Horse Collar
13:43 Loom
14:07 Man-at-Arms
14:52 Scale Mail Armor
15:03 Gold Mining
16:04 Arson
17:18 Long Swordsman
19:27 Squires
22:29 Chain Mail Armor
22:10 Pikeman
23:32 Gambesons
27:51 Stone Mining
29:25 Forging
30:18 Fletching
35:49 Wheelbarrow
38:07 Imperial Age
37:09 Wheelbarrow
40:05 Chemistry
38:34 Two-Handed Swordsman
40:23 Plate Mail Armor
40:08 Heavy Plow
41:32 Champion
43:17 Conscription
43:52 Halberdier
45:49 Iron Casting
47:54 Ballistics
47:57 Siege Engineers
49:12 Crop Rotation
51:22 Hand Cart
53:42 Blast Furnace
jerry80tim
10:22 Feudal Age
9:10 Loom
15:01 Castle Age
13:11 Double-Bit Axe
13:48 Horse Collar
16:28 Bow Saw
16:49 Fervor
24:42 Wheelbarrow
29:33 Imperial Age
27:52 Hand Cart
29:27 Chemistry
30:06 Scale Mail Armor
29:28 Pikeman
32:20 Two-Man Saw
31:34 Masonry
31:35 Fortified Wall
32:16 Conscription
34:12 Architecture
33:46 Heavy Plow
33:46 Houfnice
36:44 Conscription
36:30 Wagenburg Tactics
38:49 Chain Mail Armor
39:57 Halberdier
42:36 Squires
43:09 Plate Mail Armor
42:50 Forging
43:28 Fletching
52:44 Caravan
老朱
0:29 Loom
10:21 Feudal Age
16:07 Castle Age
14:18 Double-Bit Axe
15:11 Horse Collar
19:14 Wheelbarrow
19:48 Wheelbarrow
21:57 Bow Saw
23:04 Hand Cart
24:16 Heavy Plow
29:45 Imperial Age
27:17 Pikeman
27:59 Squires
27:45 Arson
28:05 Gold Mining
28:07 Stone Mining
28:31 Forging
28:22 Scale Mail Armor
29:48 Iron Casting
29:36 Ballistics
30:53 Gold Shaft Mining
30:37 Chain Mail Armor
32:20 Blast Furnace
30:42 Halberdier
32:26 Chemistry
31:37 Cavalier
32:18 Husbandry
32:28 Bloodlines
33:47 Conscription
33:52 Scale Barding Armor
36:21 Paladin
39:13 Chain Barding Armor
41:24 Plate Barding Armor
TianZIK4
5:06 Loom
10:50 Feudal Age
11:48 Double-Bit Axe
14:47 Castle Age
12:58 Horse Collar
16:42 Bow Saw
19:11 Heavy Plow
22:15 Wheelbarrow
23:56 Gold Mining
23:59 Stone Mining
28:40 Grand Trunk Road
32:09 Imperial Age
29:58 Hand Cart
30:20 Caravan
30:27 Scale Barding Armor
30:33 Forging
32:20 Chain Barding Armor
32:36 Iron Casting
32:24 Ballistics
32:15 Masonry
32:34 Murder Holes
33:53 Chemistry
33:58 Two-Man Saw
32:23 Elite Ghulam
33:40 Hoardings
33:26 Conscription
35:32 Scale Mail Armor
36:33 Blast Furnace
36:10 Plate Barding Armor
35:41 Town Watch
36:58 Chain Mail Armor
38:52 Plate Barding Armor
38:15 Heavy Camel Rider
38:55 Husbandry
39:06 Bloodlines
39:54 Imperial Camel Rider
42:07 Siege Elephant
542255641
11:11 Feudal Age
12:47 Double-Bit Axe
15:26 Castle Age
14:09 Horse Collar
16:38 Bow Saw
17:36 Heavy Plow
20:08 Fervor
21:40 Wheelbarrow
25:15 Hand Cart
27:44 Imperial Age
25:34 Hand Cart
26:31 Loom
27:02 Forging
27:58 Chemistry
27:19 Ballistics
26:57 Town Watch
28:08 Padded Archer Armor
27:59 Fletching
28:48 Coinage
30:13 Banking
30:33 Leather Archer Armor
31:54 Ring Archer Armor
32:34 Elite Skirmisher
33:39 Houfnice
34:25 Bodkin Arrow
35:52 Bracer
37:09 Masonry
37:07 Siege Engineers
39:55 Scale Mail Armor
40:30 Iron Casting
46:21 Chain Mail Armor
47:07 Blast Furnace
46:13 Husbandry
47:30 Caravan
50:05 Guilds
49:28 Pikeman
50:40 Plate Mail Armor
53:01 Masonry
Okisan
0:27 Loom
11:43 Feudal Age
16:03 Castle Age
14:10 Double-Bit Axe
14:10 Horse Collar
14:25 Gold Mining
18:25 Bow Saw
18:27 Fletching
18:38 Padded Archer Armor
23:52 Wheelbarrow
23:38 Heavy Plow
24:44 Crossbowman
27:26 Murder Holes
28:42 Thumb Ring
31:20 Imperial Age
29:49 Bodkin Arrow
29:54 Town Watch
30:46 Leather Archer Armor
30:32 Eagle Warrior
31:15 Squires
31:42 Hand Cart
32:31 Conscription
32:06 Arbalester
33:21 Bracer
34:09 Ring Archer Armor
34:26 Ballistics
35:06 Chemistry
36:01 Holcans
36:10 Hoardings
36:36 Scale Mail Armor
36:47 Forging
37:49 Crop Rotation
38:23 Two-Man Saw
38:06 Chain Mail Armor
37:17 Elite Eagle Warrior
37:42 Arson
37:59 Stone Mining
37:35 Elite Skirmisher
39:41 Hul'che Javelineers
42:09 Treadmill Crane
43:56 Plate Mail Armor
44:02 Iron Casting
44:23 Capped Ram
45:24 Siege Ram
48:45 Blast Furnace
Aleckim
10:37 Feudal Age
11:39 Loom
14:19 Castle Age
13:24 Double-Bit Axe
13:22 Horse Collar
15:05 Bow Saw
14:56 Heavy Plow
24:14 Wheelbarrow
26:01 Forging
25:56 Scale Barding Armor
30:22 Imperial Age
28:21 Bloodlines
28:12 Husbandry
28:13 Gold Mining
28:14 Stone Mining
28:50 Hand Cart
28:38 Town Watch
29:33 Gold Shaft Mining
29:37 Stone Shaft Mining
30:39 Town Patrol
32:03 Two-Man Saw
31:48 Kamandaran
33:59 Crop Rotation
33:10 Crossbowman
33:55 Thumb Ring
33:42 Fletching
33:52 Padded Archer Armor
34:34 Conscription
34:37 Bodkin Arrow
35:46 Hoardings
35:35 Leather Archer Armor
36:54 Masonry
38:34 Cavalier
39:52 Iron Casting
39:37 Chain Barding Armor
41:39 Blast Furnace
40:40 Caravan
43:49 Architecture
44:45 Plate Barding Armor
45:26 Ring Archer Armor
45:26 Savar
47:52 Citadels
Connection lost

Rejoining the realm…

Still unreachable

The connection could not be restored.

Session expired

The server has moved on; the page needs a fresh start.